 Dungeon Crawl Stone Soup version 0.26-a0-660-gc07710193c (webtiles) character file.

Game seed: 8459643630204968382

162100 lunkers the Spry (level 18, -42/119 HPs)
             Began as a Kobold Delver on Oct 6, 2020.
             Was the Champion of Nemelex Xobeh.
             Annihilated by a titanic slime creature (61 damage)
             ... on level 2 of the Swamp on Oct 7, 2020.
             The game lasted 01:31:53 (53829 turns).

lunkers the Spry (Kobold Delver)                   Turns: 53829, Time: 01:31:54

Health: -42/119    AC: 15    Str: 13    XL:     18   Next: 43%
Magic:  0/38       EV: 28    Int: 11    God:    Nemelex Xobeh [******]
Gold:   2534       SH:  7    Dex: 23    Spells: 17/17 levels left

rFire    . . .     SeeInvis .   b - +2 morningstar (protect)
rCold    + + .     Faith    .   f - +0 buckler of the Cartwright {rC++} (curse)
rNeg     . . .     Spirit   +   L - +3 ring mail {MR+}
rPois    +         Reflect  .   S - +2 hat {MR+}
rElec    +         Harm     .   q - +0 cloak {Stlth+}
rCorr    .         Rampage  .   U - +2 pair of gloves of the Journeyman {rElec}
MR       +++..                  y - +0 pair of boots of the Hall of Blades {Str+2}
Stlth    ++++++....             n - amulet of guardian spirit
HPRegen  0.29/turn              K - ring of poison resistance
MPRegen  0.26/turn              B - ring of magical power

@: about to teleport
A: small, nightstalker 3
a: Draw Escape, Draw Destruction, Draw Summoning, Triple Draw, Deal Four, Stack
Five, Renounce Religion


You were on level 2 of the Swamp.
You worshipped Nemelex Xobeh.
Nemelex Xobeh was exalted by your worship.
You visited 5 branches of the dungeon, and saw 28 of its levels.
You also visited: Gauntlet.

You collected 2985 gold pieces.
You spent 451 gold pieces at shops.

Inventory:

Hand Weapons
 a - a +4 scimitar of flaming
 b - a +2 morningstar of protection (weapon)
 o - a +4 morningstar
Missiles
 z - 29 poisoned darts (quivered)
 A - 160 bolts
Armour
 f - the cursed +0 buckler of the Cartwright (worn) {rC++}
   (You found it on level 2 of the Swamp)

   It greatly protects you from cold.
   It has a curse placed upon it.
 q - a +0 cloak of stealth (worn)
 y - the +0 pair of boots of the Hall of Blades (worn) {Str+2}
   (You found it in a Gauntlet)

   It affects your strength (+2).
 L - a +3 ring mail of magic resistance (worn)
 S - a +2 hat of magic resistance (worn)
 U - the +2 pair of gloves of the Journeyman (worn) {rElec}
   (You bought it in a shop on level 2 of the Orcish Mines)

   It insulates you from electricity.
Jewellery
 i - an uncursed ring of protection from magic
 j - an uncursed ring of see invisible
 n - an amulet of guardian spirit (around neck)
 B - a ring of magical power (right hand)
 K - a ring of poison resistance (left hand)
 X - an uncursed ring of protection from fire
Wands
 g - a wand of digging (7)
 l - a wand of iceblast (43)
 x - a wand of paralysis (5)
 I - a wand of enslavement (15)
 M - a wand of random effects (57)
 O - a wand of acid (2)
 P - a wand of polymorph (19)
 T - a wand of flame (29)
Scrolls
 c - 6 scrolls of fog
 d - 5 scrolls of magic mapping
 e - 11 scrolls of fear
 u - 11 scrolls of remove curse
 v - 5 scrolls of enchant armour
 C - 6 scrolls of teleportation
 E - 4 scrolls of enchant weapon
 Q - 5 scrolls of identify
 V - 2 scrolls of blinking
 W - 2 scrolls of holy word
Potions
 h - 6 potions of heal wounds
 k - a potion of mutation
 m - 3 potions of stabbing
 p - 10 potions of curing
 r - 4 potions of cancellation
 t - 3 potions of magic
 w - 2 potions of might
 D - 3 potions of haste
 F - 3 potions of brilliance
 G - a potion of resistance
 H - 8 potions of ambrosia
 J - 5 potions of lignification
 N - a potion of berserk rage
 R - 4 potions of flight
 Y - a potion of invisibility
Miscellaneous
 s - a box of beasts (2/3)
 Z - a lightning rod (4/4)


   Skills:
 + Level 15.3 Fighting
   Level 8.0(8.8) Short Blades
 - Level 3.4(4.7) Long Blades
 * Level 13.6 Maces & Flails
 + Level 16.3 Dodging
 - Level 12.0 Stealth
 - Level 5.6 Shields
 + Level 14.8 Invocations
 - Level 9.0 Evocations


You had 17 spell levels left.
You didn't know any spells.
Your spell library contained the following spells:

 Spells                   Type           Power        Failure   Level
 Animate Skeleton         Necr           #.....       61%         1
 Apportation              Tloc           #.....       61%         1
 Corona                   Hex            #......      61%         1
 Foxfire                  Conj/Fire      #...         61%         1
 Freeze                   Ice            #...         61%         1
 Magic Dart               Conj           #...         61%         1
 Sandblast                Erth           #.....       61%         1
 Shock                    Conj/Air       #...         61%         1
 Summon Small Mammal      Summ           #...         61%         1
 Call Imp                 Summ           #.......     75%         2
 Corpse Rot               Necr/Air       N/A          75%         2
 Passwall                 Tmut/Erth      #.......     75%         2
 Slow                     Hex            #.......     75%         2
 Sublimation of Blood     Necr           #.........   75%         2
 Call Canine Familiar     Summ           #.......     93%         3
 Conjure Flame            Conj/Fire      #.......     93%         3
 Frozen Ramparts          Ice            #.....       93%         3
 Gell's Gravitas          Tloc           #.........   93%         3
 Inner Flame              Hex/Fire       #.......     93%         3
 Ozocubu's Armour         Ice            #.......     93%         3
 Portal Projectile        Hex/Tloc       #.....       93%         3
 Stone Arrow              Conj/Erth      #.....       93%         3
 Summon Guardian Golem    Hex/Summ       #.......     93%         3
 Cause Fear               Hex            #.........   100%        4
 Dispel Undead            Necr           #.......     100%        4
 Hailstorm                Conj/Ice       #.......     100%        4
 Ice Form                 Ice/Tmut       #.......     100%        4
 Iskenderun's Mystic Bla  Conj/Tloc      #.......     100%        4
 Leda's Liquefaction      Hex/Erth       #.........   100%        4
 Passage of Golubria      Tloc           N/A          100%        4
 Petrify                  Tmut/Erth      #.......     100%        4
 Sticky Flame             Conj/Fire      #.......     100%        4
 Summon Ice Beast         Ice/Summ       #.......     100%        4
 Summon Lightning Spire   Summ/Air       #.......     100%        4
 Agony                    Necr           #.......     100%        5
 Excruciating Wounds      Necr           #.........   100%        5
 Fireball                 Conj/Fire      #.........   100%        5
 Irradiate                Conj/Tmut      #.........   100%        5
 Iskenderun's Battlesphe  Conj           #.......     100%        5
 Lee's Rapid Deconstruct  Erth           #.........   100%        5
 Metabolic Englaciation   Hex/Ice        #.........   100%        5
 Freezing Cloud           Conj/Ice/Air   #.........   100%        6
 Hydra Form               Tmut           #.........   100%        6
 Ozocubu's Refrigeration  Ice            #.........   100%        6
 Simulacrum               Ice/Necr       #.........   100%        6
 Statue Form              Tmut/Erth      #........    100%        6
 Dragon Form              Tmut           #.........   100%        7
 Spellforged Servitor     Conj/Summ      #.........   100%        7
 Summon Hydra             Summ           #.........   100%        7


Dungeon Overview and Level Annotations

Branches:
Dungeon (14/15)            Temple (0/1) D:5            Lair (6/6) D:11
  Swamp (2/4) Lair:4       Spider (4/4) Lair:2        Slime (0/5) Lair:6
    Orc (2/2) D:11            Elf (0/3) Orc:2        Vaults (0/5) D:14
Gauntlet (visited)

Altars:
Cheibriados
Dithmenos
Elyvilon
Fedhas
Gozag
Hepliaklqana
Makhleb
Nemelex Xobeh
Qazlal
Vehumet
Wu Jian
Yredelemnul
The Shining One
Beogh
Jiyva

Shops:
D:5 [   Orc:2 !=[(

Annotations:
D:10 3 runed translucent doors, Maimakterion's ghost, novice DsTm
Spider:3 2 runed translucent doors
Spider:4 Arachne


Innate Abilities, Weirdness & Mutations

You are small and have problems with some larger weapons.
You are completely attuned to the shadows.


Message History

The swamp drake breathes noxious fumes at you.
The noxious blast misses you.
Unknown command.
The swamp drake closely misses you.
You see here a +0 buckler.
The swamp drake breathes noxious fumes at you.
The noxious blast engulfs the titanic slime creature but does no damage.
You draw a card...
You have drawn the Tomb.
Walls emerge from the floor!
You block the titanic slime creature's attack.
As you read the scroll of teleportation, it crumbles to dust.
You feel strangely unstable.
The titanic slime creature barely misses you.
Evoke which item? (* to show all) (? for menu, Esc to quit)
Press: ? - help, Shift-Dir - straight line A rock wall.
The rock shatters into small pieces.
The titanic slime creature hits you!!!
* * * LOW MAGIC WARNING * * *
Ouch! That really hurt!
You die...
Your body glows with a rainbow of weird colours and disappears.

♣♣♣♣♣♣♣♣♣♣♣♣♣
.........♣≈.♣♣
......###.≈≈.♣
.##...kJ##..♣
##.○#○#@#.♣♣
#......♣#..♣
#(........≈♣≈♣♣
.#...≈...≈≈..§♣
.....≈.......♣♣
##...≈≈..≈.≈♣♣
≈≈..♣.♣♣
....≈..♣
##(...♣♣


You could see a titanic slime creature and a swamp drake.

Vanquished Creatures
  Gastronok (D:11)
  2 ghost moths (Spider:3)
  A spark wasp (Spider:3)
  Snorg (Orc:1)
  3 boulder beetles
  3 vault guards
  An ice dragon (Lair:6)
  10 hydras
  4 centaur warriors (D:13)
  5 alligators
  A catoblepas (Lair:5)
  7 two-headed ogres
  4 orc high priests (Orc:2)
  Urug (D:13)
  A spriggan (Swamp:1)
  4 skeletal warriors
  3 unseen horrors
  A lindwurm (Lair:6)
  4 orc knights
  13 orb spiders
  2 deep elf magi
  4 cyclopes
  34 wolf spiders
  3 ugly things
  2 manticores
  An oklob plant (Lair:5)
  7 orc sorcerers
  A moth of wrath (Spider:1)
  15 elephants
  Psyche (D:8)
  7 torpor snails
  15 black mambas
  4 gargoyles
  26 cane toads
  11 komodo dragons
  5 rime drakes
  An efreet (D:10)
  10 demonic crawlers
  24 jumping spiders
  A queen bee (Lair:1)
  21 hornets
  3 polar bears
  4 tyrant leeches (Lair:6)
  6 trolls
  Prince Ribbit (D:8)
  A dream sheep (shapeshifter) (D:14)
  4 bog bodies
  9 blink frogs
  11 slime creatures
  2 shadows
  29 tarantellas
  20 wyverns
  2 wraiths (D:14)
  36 yaks
  42 redbacks
  Grum (D:8)
  6 basilisks
  15 vampire mosquitoes
  4 swamp worms
  2 wargs (Orc:2)
  An acid dragon (D:14)
  15 water moccasins
  6 insubstantial wisps (Swamp:1)
  46 orc warriors
  4 swamp drakes
  4 sky beasts
  A necrophage (D:10)
  2 eyes of draining
  2 ice beasts
  4 black bears
  9 wolves
  29 ogres
  3 phantoms
  30 centaurs
  3 big kobolds (D:9)
  17 bullfrogs
  A wyvern zombie (D:13)
  A wyvern skeleton (D:14)
  6 scorpions
  37 killer bees
  9 wights
  9 howler monkeys
  An electric eel (Lair:3)
  A spectral bullfrog (D:10)
  4 bullfrog zombies
  2 quasits
  8 centaur zombies
  A wyvern simulacrum (D:14)
  4 jellies
  4 centaur skeletons
  9 hounds
  35 orc priests
  3 bullfrog skeletons
  3 gnoll shamans
  Jessica (D:3)
  2 iguanas
  17 orc wizards
  17 worker ants
  2 hound zombies (D:10)
  A mummy (D:6)
  A hound skeleton (D:10)
  A howler monkey zombie (D:10)
  A worker ant zombie (D:7)
  17 gnolls
  15 adders
  A howler monkey skeleton (D:6)
  3 shadow imps
  3 ufetubi
  2 oozes
  2 adder zombies
  An adder skeleton (D:9)
  A worm (D:2)
  5 dart slugs
  7 leopard geckos
  119 orcs
  4 giant cockroaches
  2 gnoll zombies (D:4)
  8 goblins
  6 hobgoblins
  17 jackals
  10 quokkas
  6 bats
  5 frilled lizards
  A jackal zombie (D:8)
  7 kobolds
  A leopard gecko skeleton (D:4)
  A quokka zombie (D:6)
  12 rats
1076 creatures vanquished.

Vanquished Creatures (collateral kills)
  The ghost of Piask the Bludgeoner, an adept FoAK of Lugonu (Swamp:1)
  An orc warlord (Orc:2)
  Aizul (Swamp:2)
  An emperor scorpion (Spider:1)
  A minotaur (Gauntlet)
  A vault guard (D:13)
  An alligator (Lair:4)
  A fire crab (Gauntlet)
  A torpor snail (Lair:6)
  A slime creature (Lair:4)
  3 fire bats (Gauntlet)
  An orc warrior (Orc:2)
14 creatures vanquished.

Vanquished Creatures (others)
  A tyrant leech (Swamp:1)
  A centaur (D:11)
  An orc wizard (Orc:2)
  An orc (D:5)
  5 demonic plants (Gauntlet)
  27 fungi
  96 plants
132 creatures vanquished.

Grand Total: 1222 creatures vanquished

Notes
Turn   | Place    | Note
-------+----------+-------------------------------------------
     0 | D:5      | lunkers the Kobold Delver began the quest for the Orb.
     0 | D:5      | Reached XP level 1. HP: 14/14 MP: 1/1
    19 | D:4      | Reached XP level 2. HP: 3/19 MP: 2/2
    19 | D:4      | Reached XP level 3. HP: 4/23 MP: 3/3
   307 | D:4      | Reached XP level 4. HP: 28/28 MP: 4/4
   520 | D:4      | Noticed an orc warrior
   523 | D:4      | Reached skill level 5 in Short Blades
   523 | D:4      | Reached XP level 5. HP: 32/32 MP: 5/5
   534 | D:4      | Killed an orc warrior
   534 | D:4      | Reached skill level 1 in Evocations
   534 | D:4      | Reached XP level 6. HP: 3/37 MP: 6/6
   910 | D:4      | Noticed an ogre
  1095 | D:4      | Killed an ogre
  1280 | D:3      | Found a faded altar of an unknown god.
  1335 | D:3      | Reached XP level 7. HP: 39/41 MP: 7/7
  1436 | D:3      | Noticed Jessica
  1518 | D:3      | Killed Jessica
  1763 | D:2      | Found a blossoming altar of Fedhas.
  3210 | D:2      | HP: 1/41 [worker ant (6)]
  5346 | D:4      | Found a basalt altar of Yredelemnul.
  5375 | D:4      | Reached XP level 8. HP: 46/46 MP: 8/8
  5429 | D:4      | Reached skill level 10 in Stealth
  5762 | D:4      | Reached skill level 3 in Dodging
  5945 | D:5      | Found a snail-covered altar of Cheibriados.
  6028 | D:5      | Found a glowing golden altar of the Shining One.
  6031 | D:5      | Found a sparkling altar of Nemelex Xobeh.
  6032 | D:5      | Found a stormy altar of Qazlal.
  6033 | D:5      | Found a faded altar of an unknown god.
  6038 | D:5      | Found a faded altar of an unknown god.
  6108 | D:5      | Became a worshipper of Nemelex Xobeh the Trickster
  6495 | D:5      | Found a staircase to the Ecumenical Temple.
  6711 | D:5      | Reached skill level 4 in Dodging
  6711 | D:5      | Reached skill level 1 in Invocations
  6945 | D:5      | Reached skill level 1 in Shields
  7193 | D:5      | Found Eghuoriss's Armour Shoppe.
  7196 | D:5      | Bought a +0 cloak of stealth for 138 gold pieces
  7527 | D:6      | Reached XP level 9. HP: 53/53 MP: 10/10
  7550 | D:6      | Reached skill level 5 in Fighting
  7837 | D:6      | Reached skill level 5 in Dodging
  7979 | D:6      | Found a snail-covered altar of Cheibriados.
  8301 | D:7      | Noticed an orc sorcerer
  8308 | D:7      | Killed an orc sorcerer
  8324 | D:7      | Reached skill level 5 in Evocations
  8362 | D:7      | Found a white marble altar of Elyvilon.
  9039 | D:7      | Got a glimmering long sword
  9041 | D:7      | Identified the cursed +0 long sword of Salt {vorpal, rF-
                  | Str+4 Dex+2} (You found it on level 7 of the Dungeon)
  9163 | D:7      | Reached skill level 6 in Dodging
  9254 | D:7      | Found an opulent altar of Gozag.
  9633 | D:7      | Reached * piety under Nemelex Xobeh
  9819 | D:8      | Noticed Prince Ribbit
  9828 | D:8      | Killed Prince Ribbit
  9828 | D:8      | Reached XP level 10. HP: 24/60 MP: 10/13
 10436 | D:8      | Noticed a wolf spider
 10443 | D:7      | Killed a wolf spider
 10443 | D:7      | Reached skill level 7 in Dodging
 10443 | D:7      | Reached skill level 5 in Invocations
 10871 | D:8      | Noticed a two-headed ogre
 11325 | D:8      | Killed a two-headed ogre
 11346 | D:8      | Noticed Psyche
 11354 | D:8      | Killed Psyche
 11354 | D:8      | Reached skill level 8 in Dodging
 11502 | D:8      | Reached XP level 11. HP: 66/68 MP: 15/15
 11509 | D:8      | Noticed Grum
 11517 | D:8      | Killed Grum
 11517 | D:8      | Reached skill level 5 in Shields
 12438 | D:9      | Found a shadowy altar of Dithmenos.
 12805 | D:9      | Reached skill level 9 in Dodging
 13341 | D:9      | Found a hazy altar of Hepliaklqana.
 13600 | D:9      | Found a sparkling altar of Nemelex Xobeh.
 13698 | D:9      | Found a radiant altar of Vehumet.
 14132 | D:10     | Entered Level 10 of the Dungeon
 14205 | D:10     | Noticed an unseen horror
 14214 | D:10     | Killed an unseen horror
 14219 | D:10     | Noticed a five-headed hydra
 14237 | D:10     | Killed a five-headed hydra
 14466 | D:10     | Received a gift from Nemelex Xobeh
 15045 | D:10     | Reached skill level 10 in Dodging
 15045 | D:10     | Reached XP level 12. HP: 55/76 MP: 18/18
 15272 | D:10     | Reached ** piety under Nemelex Xobeh
 15278 | D:10     | Found a runed translucent gate.
 15279 | D:10     | Noticed Maimakterion's ghost (novice DsTm)
 15283 | D:10     | Found a runed translucent gate.
 15284 | D:10     | Found a runed translucent gate.
 15430 | D:10     | You fall into a shaft and drop 3 floors!
 15717 | D:13     | Reached skill level 1 in Long Blades
 15717 | D:13     | Noticed Urug
 15723 | D:13     | Killed Urug
 15740 | D:13     | Noticed a centaur warrior
 15939 | D:13     | Noticed a centaur warrior
 15950 | D:13     | Killed a centaur warrior
 16445 | D:13     | Reached skill level 10 in Fighting
 16627 | D:12     | Received a gift from Nemelex Xobeh
 16820 | D:12     | Found a burning altar of Makhleb.
 17104 | D:11     | Found a staircase to the Orcish Mines.
 17123 | D:11     | Killed an unseen horror
 17217 | D:11     | Reached *** piety under Nemelex Xobeh
 17952 | D:11     | Received a gift from Nemelex Xobeh
 18055 | D:11     | Noticed a two-headed ogre
 18067 | D:11     | Killed a two-headed ogre
 18067 | D:11     | Reached skill level 1 in Maces & Flails
 18247 | D:11     | Noticed an eight-headed hydra
 18252 | D:11     | Killed an eight-headed hydra
 18252 | D:11     | Reached XP level 13. HP: 68/83 MP: 20/20
 18512 | D:11     | Reached skill level 11 in Dodging
 18557 | D:11     | Found a staircase to the Lair.
 18674 | D:11     | Found a roughly hewn altar of Beogh.
 20000 | Lair:1   | Entered Level 1 of the Lair of Beasts
 20109 | Lair:1   | Reached skill level 10 in Invocations
 20349 | Lair:1   | Noticed a five-headed hydra
 20369 | Lair:1   | Killed a five-headed hydra
 21114 | Lair:1   | Identified Sif Muna's Tome of the Frostbite and Combat
                  | Magic
 21260 | Lair:1   | Found a shadowy altar of Dithmenos.
 21518 | Lair:1   | Noticed a four-headed hydra
 21522 | Lair:1   | Killed a four-headed hydra
 21522 | Lair:1   | Reached skill level 12 in Dodging
 21662 | Lair:1   | Reached XP level 14. HP: 90/90 MP: 22/22
 21780 | Lair:2   | Reached **** piety under Nemelex Xobeh
 22227 | Lair:2   | Received a gift from Nemelex Xobeh
 22469 | Lair:2   | Reached skill level 5 in Maces & Flails
 22756 | Lair:2   | Found a hole to the Spider Nest.
 22810 | Lair:2   | Received a gift from Nemelex Xobeh
 23312 | Lair:3   | Received a gift from Nemelex Xobeh
 24227 | Lair:3   | Reached ***** piety under Nemelex Xobeh
 24345 | Lair:3   | Received a gift from Nemelex Xobeh
 25481 | Lair:4   | Reached skill level 13 in Dodging
 25656 | Lair:4   | Found a staircase to the Swamp.
 25742 | Lair:4   | Found an ornate altar of the Wu Jian Council.
 26031 | Lair:5   | Got a brightly glowing flail
 26032 | Lair:5   | Identified the +4 flail of the Lumpy Invaders {flame, rN+}
                  | (You found it on level 5 of the Lair of Beasts)
 26696 | Lair:5   | Reached XP level 15. HP: 97/97 MP: 23/23
 26889 | Lair:6   | Entered Level 6 of the Lair of Beasts
 26889 | Lair:6   | Found a gate leading to a gauntlet.
 26899 | Gauntlet | Entered a Gauntlet
 26899 | Gauntlet | Found a transporter.
 26905 | Gauntlet | Found a runed translucent gate.
 26907 | Gauntlet | Found a transporter.
 26932 | Gauntlet | Found a transporter.
 26943 | Gauntlet | Found a transporter.
 26954 | Gauntlet | Found a runed translucent door.
 26979 | Gauntlet | Found a transporter.
 27000 | Gauntlet | Found a transporter.
 27021 | Gauntlet | Found a transporter.
 27023 | Gauntlet | Received a gift from Nemelex Xobeh
 27040 | Gauntlet | Found a transporter.
 27060 | Gauntlet | Found a transporter.
 27081 | Gauntlet | Found a transporter.
 27083 | Gauntlet | Found a runed translucent gate.
 27083 | Gauntlet | Found a runed translucent gate.
 27093 | Gauntlet | Found a transporter.
 27155 | Gauntlet | Found a transporter.
 27296 | Gauntlet | Found a transporter.
 27298 | Gauntlet | Found a transporter.
 27301 | Gauntlet | Got a pair of transparent boots
 27353 | Gauntlet | Identified the +0 pair of boots of the Hall of Blades
                  | {Str+2} (You found it in a Gauntlet)
 27419 | Gauntlet | Got a transparent bronze ring
 27420 | Gauntlet | Identified the ring "Vomi" {rElec rF- Int+2 Stlth-} (You
                  | found it in a Gauntlet)
 27481 | Gauntlet | Identified the cursed +1 hand axe "Demon's Peril" {vorpal,
                  | rC++ Str-4 Dex+5}
 27505 | Gauntlet | Got a fading whip
 27543 | Gauntlet | Identified the +8 whip "Derizyhe" {vorpal, Str+4 Int+3}
                  | (You found it in a Gauntlet)
 28124 | Lair:6   | Received a gift from Nemelex Xobeh
 28723 | Lair:6   | Found a viscous altar of Jiyva.
 28724 | Lair:6   | Found a staircase to the Slime Pits.
 28882 | Lair:6   | Received a gift from Nemelex Xobeh
 29830 | Lair:6   | Identified Usups's Papyrus of the Quantum Escort
 30209 | Lair:6   | Found a runed translucent door.
 31756 | Lair:6   | Received a gift from Nemelex Xobeh
 31829 | Lair:6   | Reached skill level 14 in Dodging
 32037 | Orc:1    | Entered Level 1 of the Orcish Mines
 32049 | Orc:1    | Noticed Gastronok
 32077 | D:11     | Killed Gastronok
 32223 | Orc:1    | Noticed Snorg
 32239 | Orc:1    | Killed Snorg
 32349 | Orc:2    | Entered Level 2 of the Orcish Mines
 33524 | Orc:1    | Reached XP level 16. HP: 54/104 MP: 22/25
 34125 | Orc:2    | Reached skill level 10 in Maces & Flails
 34856 | Orc:2    | Found a roughly hewn altar of Beogh.
 34958 | Orc:2    | Found Kuss's Distillery.
 35459 | Orc:2    | Found Reanuc's Jewellery Shoppe.
 35736 | Orc:2    | Received a gift from Nemelex Xobeh
 35814 | Orc:2    | Found a staircase to the Elven Halls.
 36246 | Orc:2    | Found a roughly hewn altar of Beogh.
 36277 | Orc:2    | Found Balollus's Weapon Boutique.
 36912 | Orc:2    | Found Cauf's Armour Shop.
 36932 | Orc:2    | Bought the +2 pair of gloves of the Journeyman {rElec} for
                  | 313 gold pieces
 38110 | D:14     | Received a gift from Nemelex Xobeh
 38182 | D:14     | Found a stormy altar of Qazlal.
 39735 | D:14     | Found a gate to the Vaults.
 40028 | D:14     | Received a gift from Nemelex Xobeh
 40070 | D:14     | Reached skill level 15 in Dodging
 40662 | D:14     | Reached ****** piety under Nemelex Xobeh
 41107 | Spider:1 | Entered Level 1 of the Spider Nest
 41535 | Spider:1 | Reached XP level 17. HP: 87/111 MP: 27/27
 42761 | Spider:1 | Received a gift from Nemelex Xobeh
 43827 | Spider:2 | You fall into a shaft and drop 1 floor!
 45374 | Spider:3 | Received a gift from Nemelex Xobeh
 46889 | Spider:2 | Received a gift from Nemelex Xobeh
 48792 | Spider:3 | Found a large runed translucent door.
 48792 | Spider:3 | Found a large runed translucent door.
 49037 | Spider:3 | Reached skill level 15 in Fighting
 49847 | Spider:4 | Entered Level 4 of the Spider Nest
 49978 | Spider:3 | Reached XP level 18. HP: 118/119 MP: 28/28
 50064 | Spider:4 | Reached skill level 16 in Dodging
 50300 | Spider:4 | Noticed Arachne
 50882 | Swamp:1  | Entered Level 1 of the Swamp
 51768 | Swamp:1  | Received a gift from Nemelex Xobeh
 53151 | Swamp:1  | Found a runed translucent gate.
 53151 | Swamp:1  | Found a runed translucent gate.
 53151 | Swamp:1  | Noticed Piask's ghost (adept FoAK)
 53152 | Swamp:1  | Found a runed translucent gate.
 53297 | Swamp:1  | Identified the +3 scimitar of Veohucan {drain, rElec MR+
                  | Str+2 Dex-5} (You found it on level 1 of the Swamp)
 53348 | Swamp:1  | Killed Piask's ghost
 53561 | Swamp:2  | Noticed Aizul
 53575 | Swamp:2  | Killed Aizul
 53790 | Swamp:2  | Identified the cursed +0 buckler of the Cartwright {rC++}
                  | (You found it on level 2 of the Swamp)
 53829 | Swamp:2  | Annihilated by a titanic slime creature

Illustrated notes

Levels and vault maps discovered:
D:1:      scummos_arrival_simple_crosswalls, layout_basic,
          corexii_hall_statues_deadend
D:2:      layout_loops_ring, nicolae_overflow_hidden_temple
D:3:      layout_basic, chequers_ecumenical_altar_simple_redux, serial_forest,
          infiniplex_forest_end_2, infiniplex_forest_clump_small,
          infiniplex_forest_clump_long, infiniplex_forest_lined_corner,
          infiniplex_forest_clump_tiny, infiniplex_forest_clump_long,
          infiniplex_forest_clump_long, infiniplex_forest_straight_2,
          infiniplex_forest_lined_3, uniq_jessica
D:4:      layout_gridville, lemuel_zombie_altar_yredelemnul
D:5:      layout_basic, kennysheep_slug_shrine,
          chequers_temple_overflow_minitemple, minmay_temple_entry_slanted,
          serial_shops, kennysheep_mini_moat
D:6:      layout_loops_ring, chei_slow_surprise
D:7:      cheibrodos_wizards_tower, layout_loops_ring,
          nicolae_gozag_seed_capital, elyvilon_altar_5, serial_aquarium,
          aquarium_bridge_square [aquarium_subvault_wall,
          aquarium_subvault_bridge, aquarium_subvault_balcony,
          aquarium_subvault_window], aquarium_window_3, aquarium_window_fake,
          aquarium_view_2c, aquarium_view_2b, aquarium_balcony_double_4,
          aquarium_pool_four
D:8:      lemuel_ice_spiral_2, layout_basic, serial_corexii_hall,
          corexii_hall_statues_l, corexii_hall_statues_s, minmay_three_doors,
          uniq_prince_ribbit1, uniq_psyche, uniq_grum
D:9:      kennysheep_seaside_town, layout_loops_ring, kennysheep_mini,
          old_standard_altar, grunt_dithmenos_smoke, grunt_ministairs_9,
          nemelex_lonely_heart_becter
D:10:     layout_basic, gammafunk_ghost_split, hangedman_weighted_door,
          minmay_orc_keep
D:11:     layout_long_grid, erik_lair_dragon, minmay_orc_entry_temple_small
D:12:     layout_basic, basic_altar
D:13:     layout_long_grid, uniq_urug
D:14:     layout_irregular_city, lightli_vaults_fourway_checkpoint, basic_altar
Lair:1:   layout_loops_ring, special_room [special_room_bee], basic_altar
Lair:2:   layout_big_grid, dummy_spider_entry
Lair:3:   layout_cave_pods, minivault_25, minmay_stone_trees_small,
          chequers_serial_rivers_micro_d, serial_bayou_lagoon_a
Lair:4:   layout_cave_shapes, skrybe_swamp_entry_bodies, lemuel_centaur_altar
Lair:5:   layout_hall_layers, grunt_forest_stairs_basic,
          minmay_lair_oklob_items, patterned_corridor
Lair:6:   hangedman_lair_tendril_chambers, layout_hall_layers, wormcave,
          slime_altar_1, gauntlet_entry_generic
Swamp:1:  layout_basic_swamp, ebering_ghost_rock_garden,
          hangedman_swamp_ruin_wall
Swamp:2:  layout_basic_swamp, evilmike_swamp_ruin_rubble_2, swamp_pool3,
          infiniplex_staircase_pool, uniq_jorgrun, uniq_aizul
Spider:1: layout_spider_delve
Spider:2: spiders_nest_scorpion_pit
Spider:3: layout_spider_delve, ebering_ghost_disaster_area,
          hangedman_spider_tarantella_strand
Spider:4: johnstein_spider_rune_arachne_lair
Orc:1:    minmay_goldmine, layout_caves, serial_shops, shop, uniq_snorg,
          uniq_gastronok
Orc:2:    pubby_orc_utopia

Skill      XL: |  1  2  3  4  5  6  7  8  9 10 11 12 13 14 15 16 17 18 |
---------------+-------------------------------------------------------+-----
Short Blades   | 3 4 5 6 7 8 |  8.0
Stealth        | 7 8 9 10 11 12 | 12.0
Evocations     | 1 2 4 5 6 8 9 |  9.0
Dodging        | 4 6 8 10 12 13 14 15 16 | 16.3
Fighting       | 4 6 7 9 10 11 12 13 14 15 | 15.3
Invocations    | 2 4 6 8 9 10 11 12 13 14 | 14.8
Shields        | 1 3 4 5 |  5.6
Long Blades    | 3 |  3.4
Maces & Flails | 1 4 7 9 11 13 | 13.6

Action                   |  1- 3 |  4- 6 |  7- 9 | 10-12 | 13-15 | 16-18 || total
-------------------------+-------+-------+-------+-------+-------+-------++-------
Melee: Short sword       |    10 |    54 |   690 |   113 |       |       ||   867
       Scimitar          |       |       |       |   500 |    22 |       ||   522
       Morningstar       |       |       |       |   143 |  2179 |  2482 ||  4804
       Flail             |       |       |       |       |    14 |       ||    14
 Fire: Hand crossbow     |       |       |    50 |     6 |       |       ||    56
Throw: Dart              |       |       |    57 |    74 |   152 |   272 ||   555
Invok: Draw Destruction  |       |       |       |     1 |    23 |    16 ||    40
       Draw Escape       |       |       |       |       |     3 |     5 ||     8
       Draw Summoning    |       |       |       |       |     4 |     5 ||     9
Evoke: Wand              |       |     6 |     9 |    15 |    30 |    19 ||    79
       Lightning rod     |       |       |       |       |     4 |     3 ||     7
       Box of beasts     |       |       |       |       |       |     1 ||     1
  Use: Potion            |     1 |       |     1 |       |       |     1 ||     3
       Scroll            |       |       |    13 |    10 |     7 |    10 ||    40
 Stab: Sleeping          |     1 |     6 |    41 |    37 |    31 |    28 ||   144
       Distracted        |       |       |     2 |       |     3 |     8 ||    13
       Paralysed         |       |       |     3 |     5 |       |     4 ||    12
       Petrified         |       |       |       |       |     4 |       ||     4
Armor: Leather armour    |       |     5 |    33 |       |       |       ||    38
       Robe              |       |       |    54 |    51 |       |       ||   105
       Troll leather arm |       |       |       |    22 |   314 |       ||   336
       Ring mail         |       |       |       |       |   147 |   745 ||   892
Dodge: Dodged            |     6 |    38 |   395 |   725 |  3131 |  3441 ||  7736
Block: Buckler           |       |       |    63 |   328 |  1206 |  1191 ||  2788
       Rpst.: Scimitar   |       |       |       |   129 |     8 |       ||   137

Table legend: (Time is in decaauts)
 A = Elapsed time spent in this place.
 B = Non-inter-level travel time spent in this place.
 C = Inter-level travel time spent in this place.
 D = Time resting spent in this place.
 E = Time spent auto-exploring this place.
 F = Levels seen in this place.
 G = Mean time per level.
                   A        B        C        D        E       F      G
               +--------+--------+--------+--------+--------+-----+--------+
         Total |  54301 |  51801 |   2500 |   5797 |  33952 |  29 | 1872.4 |
       Dungeon |  23985 |  22349 |   1636 |   2092 |  15589 |  14 | 1713.2 |
          Lair |  12444 |  12031 |    413 |   1279 |   7573 |   6 | 2074.0 |
         Swamp |   2573 |   2542 |     31 |     74 |   1886 |   2 | 1286.5 |
   Spider Nest |   9417 |   9066 |    351 |   1760 |   5513 |   4 | 2354.2 |
  Orcish Mines |   5198 |   5130 |     68 |    440 |   3336 |   2 | 2599.0 |
      Gauntlet |    681 |    681 |      0 |    151 |     53 |   1 |  681.0 |
               +--------+--------+--------+--------+--------+-----+--------+

Top non-repeatable levels by time:
Spider:3: 4578 daAuts
  Lair:6: 4398 daAuts
   Orc:2: 3931 daAuts
    D:13: 3080 daAuts
Spider:1: 2464 daAuts
 Swamp:1: 2219 daAuts
Spider:2: 2124 daAuts
    D:11: 2108 daAuts
     D:4: 2070 daAuts
  Lair:1: 1973 daAuts
     D:3: 1881 daAuts
    D:10: 1849 daAuts
     D:9: 1840 daAuts
     D:8: 1782 daAuts
     D:7: 1771 daAuts
